 Dungeon Crawl Stone Soup version 0.14.0-15-g6b16f67 (webtiles) character file.

546 Qrupt the Slasher (level 6, 0/39 HPs)
             Began as a High Elf Skald on Apr 17, 2014.
             Slain by an orc warrior
             ... wielding a +0,+0 short sword
              (11 damage)
             ... on Level 4 of the Dungeon.
             The game lasted 00:15:54 (4655 turns).

Qrupt the Slasher (High Elf Skald)                  Turns: 4655, Time: 00:15:54

HP   0/39        AC  6     Str 16      XL: 6   Next:  8%
MP  12/15        EV 11     Int 16      God:
Gold 259         SH  8     Dex 17      Spells:  4 memorised,  0 levels left

rFire  . . .     SeeInvis .     a - +1,+0 falchion
rCold  . . .     Clarity  .     v - +2 robe {MR+}
rNeg   . . .     Conserve .     i - +0 buckler
rPois  .         rCorr    .     (no helmet)
rElec  .         rRot     .     r - +0 cloak
SustAb . .       Spirit   .     (no gloves)
rMut   .         Warding  .     A - +0 pair of boots (curse)
Saprov . . .     Stasis   .     (no amulet)
MR     +....                    (no ring)
                                (no ring)

@: mighty, somewhat resistant to hostile enchantments, unstealthy
A: no striking features
a: no special abilities


You were on level 4 of the Dungeon.
You were very hungry.

You visited 1 branch of the dungeon, and saw 4 of its levels.
You also visited: Sewer.

You collected 259 gold pieces.

Inventory:

Hand weapons
 a - a +1,+0 falchion (weapon)
Missiles
 h - 25 poisoned needles
Armour
 b - a +0 leather armour
 f - a +2 pair of boots
 i - a +0 buckler (worn)
 r - a +0 cloak (worn)
 v - a +2 robe of magic resistance (worn)
 A - a cursed +0 pair of boots (worn)
Magical devices
 s - a wand of random effects (10)
Comestibles
 d - 2 bread rations
 t - 2 pears
Scrolls
 e - 3 scrolls of enchant armour
 j - 4 scrolls of identify
 k - a scroll of fear
 u - 3 scrolls of teleportation
 B - a scroll of amnesia
Potions
 g - a potion of might
 l - 4 potions of flight
 n - a potion of restore abilities {unknown}
 p - a potion of heal wounds {unknown}
 q - a potion of resistance {unknown}
 w - a potion of agility {unknown}
 x - a potion of invisibility {unknown}
 z - a potion of brilliance {unknown}
Books
 c - a book of Battle

   Spells                             Type                      Level
   *Infusion                          Charms                       1
   *Shroud of Golubria                Charms/Translocation         2
   Song of Slaying                    Charms                       2
   *Spectral Weapon                   Hexes/Charms                 3
   *Regeneration                      Charms/Necromancy            3
Rods
 y - a +2 rod of inaccuracy (10/10)
   (You found it on level 3 of the Dungeon)


   Skills:
 - Level 2.0 Fighting
 + Level 7.8 Long Blades
 - Level 0.8 Armour
 - Level 1.1 Dodging
 - Level 2.4 Spellcasting
 - Level 3.6 Charms


You couldn't memorise any spells.
You knew the following spells:

 Your Spells              Type           Power        Failure   Level  Hunger
a - Infusion              Chrm           ##....       8%          1    #......
b - Shroud of Golubria    Chrm/Tloc      #.........   21%         2    ##.....
c - Regeneration          Chrm/Necr      #.........   38%         3    ####...
d - Spectral Weapon       Hex/Chrm       #.......     38%         3    ####...


Dungeon Overview and Level Annotations

Branches:
Dungeon (4/15)
 Temple: D:4-7

Altars:
Elyvilon
Nemelex Xobeh


Message History

Your shroud falls apart!
Drink which item? (? for menu, Esc to quit)
You feel better.
It was a potion of curing.
The orc warrior hits you with a short sword!
* * * LOW HITPOINT WARNING * * *
Drink which item? (? for menu, Esc to quit)
You feel better. The orc warrior barely misses you.
Drink which item? (? for menu, Esc to quit)
You feel very mighty all of a sudden.
The orc warrior hits you but does no damage.
Drink which item? (? for menu, Esc to quit)
You feel better. The orc warrior closely misses you.
You barely miss the orc warrior.
The orc warrior is moderately wounded.
The orc warrior hits you with a short sword!
* * * LOW HITPOINT WARNING * * *
Drink which item? (? for menu, Esc to quit)
You feel better.
The orc warrior hits you with a short sword!
You die...

..§§§.......≈≈≈§.........
#.#.......§§≈≈≈)....).[.
#...^......§§≈..........
#.>##.........≈...........
#g.##................(...#
#.....................##
##.#.....?............##
.....................##
##......o@...........##
##.................##
##...............##
##.............##
##...........##
##...<<<...## ###########


You could see an orc warrior.

Vanquished Creatures
  A sky beast (D:4)
  A hound (D:4)
  Terence (D:2)
  5 adders
  2 worms (D:3)
  An adder skeleton (D:4)
  3 giant geckos
  An ooze (Sewer)
  2 orcs
  4 giant cockroaches
  10 goblins
  11 hobgoblins
  7 jackals
  6 kobolds
  2 quokkas (D:3)
  2 ball pythons
  11 bats
  A giant gecko skeleton (D:4)
  6 giant newts
  13 rats
  A toadstool (D:1)
91 creatures vanquished.

Vanquished Creatures (others)
  A ball python (D:2)
  3 toadstools (D:1)
4 creatures vanquished.

Grand Total: 95 creatures vanquished

Notes
Turn   | Place    | Note
--------------------------------------------------------------
     0 | D:1      | Qrupt, the High Elf Skald, began the quest for the Orb.
     0 | D:1      | Reached XP level 1. HP: 14/14 MP: 4/4
   212 | D:1      | Reached XP level 2. HP: 5/19 MP: 6/6
   458 | D:1      | Found a sparkling altar of Nemelex Xobeh.
   725 | D:2      | Found a white marble altar of Elyvilon.
   756 | D:2      | Reached skill level 4 in Long Blades
   790 | D:2      | Learned a level 2 spell: Shroud of Golubria
   880 | D:2      | Reached XP level 3. HP: 22/24 MP: 8/8
   929 | D:2      | Noticed Terence
   951 | D:2      | Killed Terence
  1381 | D:2      | Reached skill level 5 in Long Blades
  1659 | D:2      | Reached XP level 4. HP: 22/29 MP: 5/11
  2660 | D:3      | Found a glowing drain.
  2669 | Sewer    | Entered a sewer
  2681 | Sewer    | Reached skill level 6 in Long Blades
  3353 | D:3      | Identified a cursed +2 rod of inaccuracy (10/10) (You found it on level 3 of the Dungeon)
  3383 | D:3      | Learned a level 3 spell: Regeneration
  3467 | D:3      | Reached XP level 5. HP: 34/34 MP: 12/12
  4360 | D:4      | Reached skill level 7 in Long Blades
  4452 | D:4      | Noticed a sky beast
  4483 | D:4      | Killed a sky beast
  4483 | D:4      | Reached XP level 6. HP: 32/39 MP: 8/15
  4534 | D:4      | Learned a level 3 spell: Spectral Weapon
  4628 | D:4      | Noticed an orc warrior
  4654 | D:4      | HP: 1/39 [orc warrior/short sword (13)]
  4655 | D:4      | Slain by an orc warrior

Action                   |  1- 3 |  4- 6 || total
-------------------------+-------+-------++-------
Melee: Falchion          |   141 |   249 ||   390
       Rod               |       |     7 ||     7
 Cast: Infusion          |     3 |     5 ||     8
       Shroud of Golubri |     1 |     3 ||     4
Evoke: Rod               |       |     3 ||     3
       Wand              |       |     1 ||     1
  Use: Scroll            |       |     9 ||     9
       Potion            |       |     6 ||     6
